 Dungeon Crawl Stone Soup version 0.28-a0-691-gad6df49e81 (webtiles) character file.

Game seed: 1200293555551768149

2125 RepHenryClay the Chopper (level 9, -3/75 HPs)
             Began as a Naga Fighter on Oct 21, 2021.
             Slain by a black bear (5 damage)
             ... on level 9 of the Dungeon.
             The game lasted 00:12:15 (7565 turns).

RepHenryClay the Chopper (Naga Fighter)             Turns: 7565, Time: 00:12:16

Health: -3/75      AC: 10    Str: 22      XL:     9   Next: 29%
Magic:  9/9        EV:  7    Int:  7 (8)  God:
Gold:   6          SH: 15    Dex: 17      Spells: 8/8 levels left

rFire   + + .      SeeInvis +   a - +0 war axe
rCold   + . .      Faith    .   o - +0 tower shield
rNeg    . . .      Spirit   .   c - +0 chain mail
rPois   +          Reflect  .   (no helmet)
rElec   .          Harm     .   g - scarf {rC+ rF+}
rCorr   .          Rampage  .   j - +0 pair of gloves
Will    +....                   (no barding)
Stlth   ..........              q - amulet of the acrobat
HPRegen 0.22/turn               t - +6 ring of dexterity
MPRegen 0.11/turn               y - +4 ring of evasion

@: mighty, very slow
A: AC +3, large, see invisible, deformed body, poison resistance, slowness 2,
spit poison 1, naga tail 1, deterioration 1, fire resistance 1
a: Spit Poison


You were on level 9 of the Dungeon.
You visited 2 branches of the dungeon, and saw 8 of its levels.

You collected 237 gold pieces.
You spent 231 gold pieces at shops.

Inventory:

Hand Weapons
 a - a +0 war axe (weapon)
 b - a +2 whip of venom
 r - a +4 flail of protection
Missiles
 f - 25 poisoned darts
 h - 2 curare-tipped darts (quivered)
 u - 2 silver javelins
 w - 3 atropa-tipped darts
Armour
 c - a +0 chain mail (worn)
 g - a scarf of resistance (worn)
 j - a +0 pair of gloves (worn)
 o - a +0 tower shield (worn)
Jewellery
 e - a ring of fire
 q - an amulet of the acrobat (around neck)
 t - a +6 ring of dexterity (left hand)
 y - a +4 ring of evasion (right hand)
Wands
 l - a wand of iceblast (4)
 z - a wand of flame (19)
Scrolls
 i - 3 scrolls of enchant armour {unknown}
 k - 2 scrolls of fear {unknown}
 n - 4 scrolls of identify {@r1}
Potions
 d - 2 potions of might
 p - a potion of curing
 s - 2 potions of attraction
 v - 3 potions of brilliance


   Skills:
 - Level 3.0 Fighting
 - Level 7.6 Axes
 + Level 6.1 Armour
 + Level 6.1 Shields


You had 8 spell levels left.
You didn't know any spells.
Your spell library contained the following spells:

 Spells                   Type           Power      Damage    Failure   Level
 Shock                    Conj/Air       0%         1d3       100%        1
 Blink                    Tloc           N/A        N/A       100%        2
 Gell's Gravitas          Tloc           0%         N/A       100%        3
 Lesser Beckoning         Tloc           0%         N/A       100%        3
 Swiftness                Air            0%         N/A       100%        3
 Teleport Other           Tloc           0%         N/A       100%        3
 Airstrike                Air            0%         N/A       100%        4
 Manifold Assault         Tloc           0%         N/A       100%        5


Dungeon Overview and Level Annotations

Branches:
Dungeon (6/15)             Temple (1/1) D:5            Lair (0/6) D:9
    Orc (0/2) D:9

Altars:
Ashenzari
Dithmenos
Elyvilon
Fedhas
Gozag
Hepliaklqana
Kikubaaqudgha
Makhleb
Nemelex Xobeh
Qazlal
Trog
Uskayaw
Vehumet
Wu Jian
Xom
Yredelemnul
Zin
The Shining One

Shops:
D:2 (   D:6 ?


Innate Abilities, Weirdness & Mutations

Your serpentine skin is tough. (AC +3)
You have supernaturally acute eyesight. (SInv)
Armour fits poorly on your strangely shaped body.
Your system is resistant to poisons. (rPois)
You cover ground very slowly.
You can spit poison.
You have a snake-like lower body.
Your body sometimes deteriorates upon taking damage.
Your flesh is heat resistant. (rF+)


Message History

The black bear bites you but does no damage.
The black bear claws you but does no damage. x2
Throw: 3 darts (curare)
Press: ? - help, Q - select action, (/) - cycle Shift-Dir - straight line, f/p - black bear
Aim: a black bear (lightly wounded, 68% to hit)
You throw a curare-tipped dart.
The curare-tipped dart hits the black bear.
The black bear is poisoned.
The black bear convulses.
The black bear seems to slow down.
The black bear is heavily wounded.
The black bear bites you.
* * * LOW HITPOINT WARNING * * *
The black bear claws you but does no damage.
You block the black bear's attack. The black bear bites you.
* * * LOW HITPOINT WARNING * * *
The black bear claws you.
* * * LOW HITPOINT WARNING * * *
The black bear claws you.
* * * LOW HITPOINT WARNING * * *
Huge Dmg: -13%(-10hp) hp: 10%(7hp)
Your shield and chain mail prevent you from hitting the black bear.
The black bear is moderately wounded.
You hit the black bear. You block the black bear's attack.
The black bear claws you but does no damage. x2
The black bear completely misses you. The black bear claws you.
* * * LOW HITPOINT WARNING * * *
The black bear claws you.
* * * LOW HITPOINT WARNING * * *
Huge Dmg: -4%(-3hp) hp: 6%(4hp)
You slash the black bear!
The black bear is severely wounded.
You slash the black bear!
You kill the black bear!
The black bear shakes off its lethargy.
The black bear goes berserk!
You barely miss the black bear.
The black bear is severely wounded.
The black bear bites you.
* * * LOW HITPOINT WARNING * * *
The black bear claws you.
You die...

***,,,,,,***,,*,,,,,,,,,,,**
**,,,*** #...*,..,....,,,**
***** #!..#,.,,....,,,,*
####....,.,.....,,,,*
**##.....,.#),.....,,,,****
**,.......*..#....,.,,,,,,,*
***,,.......##.#..,...,,,,,,,,
**,,,,........#Yh#..P.P,,,,,,,,
**,,,,,.......@#.D.....P,,,,,,,,
*,,,,,,.......(h#.....PP,,,,,,,,
*,,,,,,.........#h.PPPPP,,,,,,,,
*,,,,,,.......(##.P(PY..,,,,,,,,
*,,,,,,......###,...PPP.,,,>,,,,
*,***,,.?####,,,,h..PPPh,,,,,,,,
*,* ***#** ***,,.P.PPP.,,,,,,,,
*,** ***...P..P,,,,,,,, *,,*
**,,,,,,,,,,,,,,


You could see a black bear (berserk, poisoned).

Vanquished Creatures
  A wyvern (D:5)
  A steam dragon (D:9)
  Edmund (D:5)
  2 water moccasins
  An orc warrior (D:5)
  A black bear (D:9)
  A necrophage (D:5)
  2 sky beasts
  An ogre (D:4)
  2 phantoms
  2 centaurs
  A kobold brigand (D:3)
  A bullfrog (D:9)
  A scorpion (D:6)
  A bullfrog zombie (D:6)
  2 centaur skeletons
  3 hounds
  An orc priest (D:5)
  A bullfrog skeleton (D:5)
  3 iguanas
  An orc wizard (D:4)
  A hound skeleton (D:5)
  5 adders
  3 gnolls (D:2)
  A shadow imp (D:5)
  An adder skeleton (D:4)
  A worm (D:4)
  A dart slug (D:1)
  8 orcs
  5 ball pythons
  3 endoplasms
  2 giant cockroaches
  7 goblins
  8 hobgoblins
  3 jackals (D:1)
  3 quokkas
  5 bats
  3 frilled lizards
  18 kobolds
  A rat (D:3)
109 creatures vanquished.

Vanquished Creatures (others)
  20 fungi (D:9)
  13 plants (D:9)
33 creatures vanquished.

Grand Total: 142 creatures vanquished

Notes
Turn   | Place    | Note
-------+----------+-------------------------------------------
     0 | D:1      | RepHenryClay the Naga Fighter began the quest for the Orb.
     0 | D:1      | Reached XP level 1. HP: 21/21 MP: 1/1
   184 | D:1      | Reached XP level 2. HP: 20/28 MP: 2/2
   345 | D:1      | Reached skill level 3 in Axes
   729 | D:2      | Found a faded altar of an unknown god.
   764 | D:2      | Reached XP level 3. HP: 29/34 MP: 3/3
  1274 | D:3      | Reached skill level 4 in Axes
  1294 | D:3      | Noticed a kobold brigand
  1305 | D:3      | Gained mutation: Your body sometimes deteriorates upon
                  | taking damage. [potion of mutation]
  1305 | D:3      | Gained mutation: Your flesh is heat resistant. (rF+)
                  | [potion of mutation]
  1305 | D:3      | Killed a kobold brigand
  1305 | D:3      | HP: 1/27 [kobold (3)]
  1306 | D:3      | Reached skill level 5 in Axes
  1306 | D:3      | Reached XP level 4. HP: 2/42 MP: 4/4
  1306 | D:3      | Reached XP level 5. HP: 2/49 MP: 5/5
  1806 | D:3      | Found a basalt altar of Yredelemnul.
  1812 | D:3      | Found a sparkling altar of Nemelex Xobeh.
  2039 | D:3      | Found a glowing silver altar of Zin.
  2214 | D:3      | Found an ancient bone altar of Kikubaaqudgha.
  2920 | D:2      | Found Quocueh's Weapon Shoppe.
  3279 | D:4      | Noticed a phantom
  3297 | D:3      | Killed a phantom
  3298 | D:3      | Reached skill level 6 in Axes
  3298 | D:3      | Reached XP level 6. HP: 37/56 MP: 6/6
  3626 | D:4      | Reached skill level 7 in Axes
  3626 | D:4      | Reached XP level 7. HP: 62/62 MP: 7/7
  4300 | D:5      | Entered Level 5 of the Dungeon
  4895 | D:5      | Noticed a wyvern
  4903 | D:5      | Killed a wyvern
  5240 | D:5      | Reached XP level 8. HP: 26/69 MP: 8/8
  6052 | D:5      | Found a staircase to the Ecumenical Temple.
  6062 | Temple   | Entered the Ecumenical Temple
  6684 | D:6      | Noticed Edmund
  6701 | D:5      | Killed Edmund
  6830 | D:6      | Found Rantoap's Magic Scroll Emporium.
  6875 | D:6      | Reached skill level 5 in Armour
  6875 | D:6      | Reached skill level 5 in Shields
  7056 | D:6      | Bought a scroll of blinking for 105 gold pieces
  7056 | D:6      | Bought a scroll of teleportation for 42 gold pieces
  7056 | D:6      | Bought a scroll of identify for 28 gold pieces
  7056 | D:6      | Bought a scroll of identify for 28 gold pieces
  7056 | D:6      | Bought a scroll of identify for 28 gold pieces
  7417 | D:6      | Reached XP level 9. HP: 66/75 MP: 9/9
  7518 | D:6      | You fall into a shaft and drop 3 floors!
  7518 | D:9      | Found a staircase to the Orcish Mines.
  7565 | D:9      | HP: 2/75 [black bear (3)]
  7565 | D:9      | Slain by a black bear

Illustrated notes

Levels and vault maps discovered:
D:1:      saegor_arrival_simple_a, layout_loops_cross
D:2:      layout_basic, ebering_ecumenical_altar_ruins, serial_shops,
          nicolae_diamond_shop, mrwooster_statue_mirror, minmay_misc_feat_rows
D:3:      cheibrodos_thug_alley, layout_loops_corners,
          mainiacjoe_overflow_alcove_1, mainiacjoe_overflow_chevrons,
          mainiacjoe_overflow_large_starburst
D:4:      layout_cave_pools, st_stairs_8
D:5:      minmay_chambers_of_fours, layout_basic, temple_hall,
          chequers_serial_rivers_micro_b
D:6:      layout_cave_pools, serial_shops, shop, minmay_misc_feat_alley,
          uniq_edmund, uniq_pikel
D:9:      layout_cave_pods, due_lair_maze_entry_diamond,
          minmay_orc_entry_guard_dogs, minmay_misc_feat_tower,
          wad_floor_pattern_2, palyth_stone_intersect
Temple:   minmay_temple_curvy_branch

Skill      XL: |  1  2  3  4  5  6  7  8  9 |
---------------+----------------------------+-----
Axes           | 3 5 6 7 |  7.6
Armour         | 3 5 6 |  6.1
Shields        | 3 5 6 |  6.1
Fighting       | |  3.0

Action                   |  1- 3 |  4- 6 |  7- 9 || total
-------------------------+-------+-------+-------++-------
Melee: War axe           |     7 |     6 |    86 ||    99
       Whip              |    71 |   110 |   146 ||   327
Throw: Dart              |     5 |     1 |    17 ||    23
 Abil: Spit Poison       |     4 |     1 |     3 ||     8
Evoke: Wand              |       |       |     1 ||     1
  Use: Potion            |     2 |     1 |     3 ||     6
       Scroll            |       |       |    12 ||    12
Armor: Scale mail        |    37 |    12 |       ||    49
       Chain mail        |       |    42 |   143 ||   185
       Skin              |       |       |     2 ||     2
Dodge: Dodged            |    21 |    11 |    32 ||    64
Block: Buckler           |     8 |     7 |       ||    15
       Tower shield      |       |    56 |   205 ||   261

Table legend: (Time is in decaauts)
 A = Elapsed time spent in this place.
 B = Non-inter-level travel time spent in this place.
 C = Inter-level travel time spent in this place.
 D = Time resting spent in this place.
 E = Time spent auto-exploring this place.
 F = Levels seen in this place.
 G = Mean time per level.
                   A        B        C        D        E       F      G
               +--------+--------+--------+--------+--------+-----+--------+
         Total |   9200 |   8810 |    390 |   2174 |   5370 |   8 | 1150.0 |
       Dungeon |   8859 |   8474 |    385 |   2174 |   5035 |   7 | 1265.6 |
        Temple |    341 |    336 |      5 |      0 |    335 |   1 |  341.0 |
               +--------+--------+--------+--------+--------+-----+--------+

Top non-repeatable levels by time:
     D:5: 2804 daAuts
     D:3: 2099 daAuts
     D:4: 1462 daAuts
     D:2: 1186 daAuts
     D:1: 913 daAuts
  Temple: 341 daAuts
     D:6: 328 daAuts
     D:9: 64 daAuts
